 Dungeon Crawl Stone Soup version 0.25-a0-611-g6918904 (webtiles) character file.

Game seed: 11301774302722282811, levelgen mode: deterministic

296 Faca the Skirmisher (level 6, -3/51 HPs)
             Began as a Human Fighter on Mar 16, 2020.
             Slain by a hippogriff (6 damage)
             ... on level 5 of the Dungeon.
             The game lasted 00:05:50 (3187 turns).

Faca the Skirmisher (Human Fighter)                 Turns: 3187, Time: 00:05:51

Health: -3/51      AC:  6    Str: 19    XL:     6   Next: 62%
Magic:  6/6        EV:  7    Int:  8    God:
Gold:   127        SH:  9    Dex: 12    Spells: 5/5 levels left

rFire    . . .     SeeInvis .   a - +0 long sword
rCold    . . .     Gourm    .   c - +0 kite shield
rNeg     . . .     Faith    .   b - +0 scale mail
rPois    .         Spirit   .   (no helmet)
rElec    .         Reflect  .   (no cloak)
rCorr    .         Harm     .   (no gloves)
MR       .....                  (no boots)
Stlth    ..........             (no amulet)
HPRegen  0.17/turn              (no ring)
MPRegen  0.10/turn              (no ring)

@: mighty
A: no striking features
a: no special abilities


You were on level 5 of the Dungeon.
You were not hungry.

You visited 1 branch of the dungeon, and saw 5 of its levels.

You collected 127 gold pieces.

Inventory:

Hand Weapons
 a - a +0 long sword (weapon)
 k - a +2 short sword of electrocution
Missiles
 h - 2 throwing nets
 j - 15 boomerangs (quivered)
 l - 2 silver javelins
Armour
 b - a +0 scale mail (worn)
 c - a +0 kite shield (worn)
Wands
 n - a wand of flame (17)
Scrolls
 g - 2 scrolls of immolation {unknown}
 i - 2 scrolls of teleportation {unknown}
 m - 2 scrolls of remove curse {unknown}
 r - a scroll of enchant armour {unknown}
Potions
 d - 2 potions of might
 e - a potion of haste
 p - a potion of mutation
 q - a potion of flight {unknown}
Comestibles
 f - 2 rations
 o - 2 chunks of flesh


   Skills:
 + Level 5.3 Fighting
 + Level 4.7 Long Blades
 - Level 3.0 Armour
 - Level 3.0 Shields


You had 5 spell levels left.
You didn't know any spells.
Your spell library was empty.

Dungeon Overview and Level Annotations

Branches:
Dungeon (5/15)
 Temple: D:4-7

Altars:
Ashenzari
Dithmenos
Trog
Xom


Message History

The hippogriff barely misses you. x2
You hit the hippogriff.
The hippogriff is severely wounded.
You block the hippogriff's attack.
The hippogriff pecks you but does no damage.
The hippogriff completely misses you.
You barely miss the hippogriff.
The hippogriff is severely wounded.
The hippogriff bites you.
* * * LOW HITPOINT WARNING * * *
The hippogriff pecks you.
* * * LOW HITPOINT WARNING * * *
The hippogriff claws you.
* * * LOW HITPOINT WARNING * * *
You slash the hippogriff!
The hippogriff is almost dead.
The hippogriff bites you.
* * * LOW HITPOINT WARNING * * *
The hippogriff closely misses you. x2; The hippogriff bites you.
You die...

..........#######.....
..........# .....
..........# ..
..........#
..........####
.#####.......#
#.<.....# #.......#
#...@...# #...H...#
#.......# #.......#
#####..<.. ......
......# ......#


You could see a hippogriff.

Vanquished Creatures
  Jessica (D:2)
  4 orc wizards
  A worker ant (D:2)
  6 adders
  2 worms
  2 dart slugs
  A leopard gecko (D:3)
  13 orcs
  3 bats
  2 giant cockroaches (D:2)
  6 goblins
  10 hobgoblins
  4 jackals (D:3)
  2 kobolds
  A quokka (D:2)
  3 frilled lizards
  7 rats
68 creatures vanquished.

Notes
Turn   | Place    | Note
-------+----------+-------------------------------------------
     0 | D:1      | Faca the Human Fighter began the quest for the Orb.
     0 | D:1      | Reached XP level 1. HP: 18/18 MP: 1/1
    66 | D:1      | Reached XP level 2. HP: 24/24 MP: 2/2
   478 | D:2      | Reached XP level 3. HP: 16/30 MP: 3/3
   739 | D:2      | Reached XP level 4. HP: 21/37 MP: 4/4
   982 | D:2      | Found a bloodstained altar of Trog.
  1188 | D:2      | Reached skill level 4 in Fighting
  1449 | D:2      | Found a shattered altar of Ashenzari.
  1463 | D:2      | Found a shimmering altar of Xom.
  1465 | D:2      | Found a bloodstained altar of Trog.
  1597 | D:3      | Noticed Jessica
  1658 | D:2      | Killed Jessica
  1658 | D:2      | Reached XP level 5. HP: 21/43 MP: 5/5
  2171 | D:3      | Reached XP level 6. HP: 23/50 MP: 6/6
  2187 | D:2      | Reached skill level 5 in Fighting
  2770 | D:3      | Found a shadowy altar of Dithmenos.
  3151 | D:3      | You fall into a shaft and drop 2 floors!
  3151 | D:5      | Entered Level 5 of the Dungeon
  3166 | D:4      | Noticed an ogre
  3169 | D:5      | Noticed a hippogriff
  3187 | D:5      | Slain by a hippogriff

Levels and vault maps discovered:
D:1:      mushboom_english_gardens, layout_rooms
D:2:      layout_loops_ring, minitemple, first_ration, minmay_hedge_maze,
          bloody_trog
D:3:      layout_rooms, minivault_4, nicolae_dithmenos_shadow_blocks,
          uniq_jessica
D:4:      layout_rooms
D:5:      layout_gridville, minmay_temple_entry_mini_moons

Skill      XL: |  1  2  3  4  5  6 |
---------------+-------------------+-----
Long Blades    | 3 4 |  4.7
Fighting       | 4 5 |  5.3
Armour         | |  3.0
Shields        | |  3.0

Action                   |  1- 3 |  4- 6 || total
-------------------------+-------+-------++-------
Melee: Long sword        |    61 |   219 ||   280
  Use: Scroll            |     4 |     2 ||     6
       Potion            |       |     2 ||     2
  Eat: Chunk             |       |     8 ||     8
Armor: Scale mail        |    23 |   139 ||   162
Dodge: Dodged            |    16 |   100 ||   116
Block: Kite shield       |    27 |   147 ||   174
       Rpst.: Long sword |     4 |    26 ||    30

Table legend:
 A = Non-vault XP
 B = Vault XP
 C = Vault XP percentage of total XP
 D = Non-vault monster count
 E = Vault monster count
 F = Vault count percentage of total count
                 A         B        C        D         E       F
            +---------+---------+-------+---------+---------+-------
      Total |     387 |      37 |   8.7 |      67 |       1 |   1.5
            +---------+---------+-------+---------+---------+-------
        D:1 |      21 |       0 |   0.0 |      11 |       0 |   0.0
        D:2 |     213 |      37 |  14.8 |      30 |       1 |   3.2
        D:3 |     153 |       0 |   0.0 |      26 |       0 |   0.0
            +---------+---------+-------+---------+---------+-------
